[Event "Titled Tuesday Blitz August 1 Early 2023"]
[White "Xu, Xiangyu"]
[Black "Ozates, Tuna"]
[WhiteFideId "8608288"]
[BlackFideId "6354521"]
[WhiteElo "3005"]
[BlackElo "2613"]
[Result "1-0"]
[Round "2"]
[TimeControl "180+1"]
[Date "2023.08.01"]
[WhiteClock "0:00:42"]
[BlackClock "0:00:00"]
[Board "12"]

1. d4 Nf6 2. c4 e6 3. Nf3 d5 4. Nc3 c5 5. cxd5 Nxd5 6. e3 Nc6 7. Bd3 Be7 8. O-O O-O 9. a3 cxd4 10. exd4 h6 11. Bc2 Nf6 12. Re1 b6 13. Qd3 Bb7 14. Bf4 Bd6 15. Bd2 Ne7 16. Ne5 Rc8 17. Qg3 Kh8 18. Rad1 Nf5 19. Qh3 Ng8 20. Bxf5 exf5 21. Qxf5 Bc7 22. Nxf7+ Rxf7 23. Qxf7 Qh4 24. g3 Qh3 25. d5 Nf6 26. Re7 Rg8 27. Rxc7 Ba6 28. f3 Nh5 29. Bxh6 Nxg3 30. Bxg7+ Kh7 31. Be5+ Kh6 32. Bf4+ 1-0


[Site "https://www.chess.com"]

[Event "Titled Tuesday Blitz August 1 Early 2023"]
[White "Piesik, Piotr"]
[Black "Kramnik, Vladimir"]
[WhiteFideId "1136194"]
[BlackFideId "4101588"]
[WhiteElo "2608"]
[BlackElo "2996"]
[Result "1-0"]
[Round "2"]
[TimeControl "180+1"]
[Date "2023.08.01"]
[WhiteClock "0:00:01"]
[BlackClock "0:00:00"]
[Board "13"]

1. Nf3 d5 2. g3 g6 3. Bg2 Bg7 4. d4 Nf6 5. O-O O-O 6. c4 c6 7. Nc3 dxc4 8. a4 Na6 9. a5 Bg4 10. Ne5 Be6 11. e3 Nd7 12. Nf3 b5 13. axb6 axb6 14. e4 Bg4 15. Be3 e5 16. d5 Nb4 17. dxc6 Rxa1 18. Qxa1 Nxc6 19. Nd2 Nd4 20. Nxc4 Nc5 21. Nd5 Be2 22. Ncxb6 Nf3+ 23. Bxf3 Bxf3 24. Bxc5 Re8 25. Qb1 Qg5 26. Qd3 Qh5 27. Re1 f5 28. Nd7 Re6 29. Re3 fxe4 30. Rxe4 Qf5 31. Nc3 Kh8 32. Qe3 Bxe4 33. Qxe4 Ra6 34. Qxf5 gxf5 35. b4 e4 36. Nd5 Ra1+ 37. Kg2 Rd1 38. N7b6 h5 39. Ne3 Rb1 40. Nxf5 Bc3 41. Nd5 Bd2 42. Nfe3 Kh7 43. Nf6+ Kg6 44. Nxe4 Bxb4 45. Bxb4 Rxb4 46. Nd2 Rd4 47. Nf3 Ra4 48. h4 Kf6 49. Nd2 Kg6 50. Ndf1 Kf6 51. Nd5+ Kg6 52. Nf4+ Kh6 53. Ne3 Ra5 54. Kf3 Re5 55. Nc4 Rc5 56. Nd2 Rc3+ 57. Kg2 Rc2 58. Ne4 Rc6 59. Kf3 Ra6 60. Ke3 Ra3+ 61. Kd4 Rf3 62. Ke5 Ra3 63. Nd6 Ra5+ 64. Ke6 Ra6 65. Ke5 Ra5+ 66. Ke4 Ra4+ 67. Ke3 Ra5 68. Nd3 Rd5 69. Ne4 Ra5 70. Kf4 Ra3 71. Ne5 Ra7 72. Nd6 Ra4+ 73. Kf5 Ra5 74. Nf7+ Kg7 75. f4 Ra3 76. Kg5 Rxg3+ 77. Kxh5 Rg1 78. Ng5 Kf6 79. Ngf3 1-0


[Site "https://www.chess.com"]

[Event "Titled Tuesday Blitz August 1 Early 2023"]
[White "Hovhannisyan, Robert"]
[Black "musclemonster12"]
[WhiteFideId "13302507"]
[WhiteElo "2969"]
[BlackElo "2607"]
[Result "1-0"]
[Round "2"]
[TimeControl "180+1"]
[Date "2023.08.01"]
[WhiteClock "0:00:49"]
[BlackClock "0:00:07"]
[Board "15"]

1. e4 c5 2. Nf3 d6 3. d4 cxd4 4. Nxd4 Nf6 5. Nc3 Nc6 6. Bg5 e6 7. Qd2 a6 8. O-O-O Bd7 9. Nxc6 Bxc6 10. Qe1 Be7 11. e5 Nd5 12. Bxe7 Qxe7 13. Nxd5 Bxd5 14. c4 Rc8 15. Kb1 Bxc4 16. Bxc4 Rxc4 17. exd6 Qd7 18. Rc1 Rxc1+ 19. Qxc1 O-O 20. Qc7 Rd8 21. Rd1 Kf8 22. h4 Ke8 23. Qc2 g6 24. Qc3 Qc6 25. Qh8+ Kd7 26. Qf6 Qe4+ 27. Ka1 Qc2 28. Qxf7+ Kc6 29. Qc7+ 1-0


[Site "https://www.chess.com"]

[Event "Titled Tuesday Blitz August 1 Early 2023"]
[White "Krstulovic, Alex"]
[Black "Megaranto, Susanto"]
[WhiteFideId "760056"]
[BlackFideId "7101384"]
[WhiteElo "2606"]
[BlackElo "2969"]
[Result "0-1"]
[Round "2"]
[TimeControl "180+1"]
[Date "2023.08.01"]
[WhiteClock "0:00:02"]
[BlackClock "0:01:18"]
[Board "16"]

1. Nc3 d5 2. e3 c6 3. d4 Nf6 4. Nf3 Bf5 5. Bd3 Bg6 6. Ne5 Nbd7 7. f4 e6 8. Qf3 Bb4 9. Bd2 Bxc3 10. Bxc3 Nxe5 11. fxe5 Ne4 12. Bb4 a5 13. Ba3 b5 14. c3 Ng5 15. Qe2 Bxd3 16. Qxd3 Ne4 17. O-O Qb6 18. b4 a4 19. Rf4 O-O 20. Raf1 f6 21. Rxe4 dxe4 22. Qxe4 fxe5 23. Rxf8+ Rxf8 24. Qxe5 Re8 25. e4 Qd8 26. Bc1 Qf6 27. Bf4 Rf8 28. Qxf6 Rxf6 29. Be5 Rf7 30. Bd6 h6 31. Bg3 Kh7 32. Bf2 g5 33. Kf1 Kg6 34. Ke2 h5 35. h3 h4 36. Bg1 Kh5 37. Bh2 g4 38. Be5 g3 39. Bd6 Rf2+ 0-1


[Site "https://www.chess.com"]

[Event "Titled Tuesday Blitz August 1 Early 2023"]
[White "Principe, Gerson"]
[Black "Bok, Benjamin"]
[WhiteFideId "3804550"]
[BlackFideId "1017063"]
[WhiteElo "2605"]
[BlackElo "2954"]
[Result "0-1"]
[Round "2"]
[TimeControl "180+1"]
[Date "2023.08.01"]
[WhiteClock "0:00:00"]
[BlackClock "0:00:05"]
[Board "17"]

1. d4 Nf6 2. Nf3 e6 3. e3 b6 4. Be2 Bb7 5. O-O c5 6. b3 d5 7. Bb2 Nc6 8. c4 cxd4 9. Nxd4 Be7 10. cxd5 Nxd4 11. Qxd4 Qxd5 12. Qxd5 Nxd5 13. Bb5+ Kf8 14. Nd2 f6 15. Rac1 a6 16. Bc6 Bxc6 17. Rxc6 Kf7 18. Nf3 Rhc8 19. Rfc1 Rxc6 20. Rxc6 e5 21. a3 b5 22. Kf1 Ke8 23. e4 Nf4 24. Ne1 Kd7 25. Rc2 a5 26. g3 Ne6 27. Nd3 Ng5 28. Re2 Rc8 29. f4 exf4 30. gxf4 Ne6 31. Rd2 Ke8 32. Ke2 g6 33. Ke3 Bd8 34. Kf3 Ke7 35. h4 Bb6 36. f5 Nd4+ 37. Bxd4 Bxd4 38. Nf4 Be5 39. Nd5+ Kf7 40. Kg2 Rc1 41. Ne3 Rc3 42. Nd5 Rxb3 43. Rc2 Rb2 44. Rxb2 Bxb2 45. Nc7 Bxa3 46. Nxb5 Bb4 47. Kf2 a4 48. Nc7 a3 0-1


[Site "https://www.chess.com"]

[Event "Titled Tuesday Blitz August 1 Early 2023"]
[White "Shimanov, Aleksandr"]
[Black "Jain Kashish Manoj"]
[WhiteFideId "4198603"]
[BlackFideId "35081098"]
[WhiteElo "2954"]
[BlackElo "2599"]
[Result "0-1"]
[Round "2"]
[TimeControl "180+1"]
[Date "2023.08.01"]
[WhiteClock "0:00:03"]
[BlackClock "0:00:10"]
[Board "18"]

1. e4 c5 2. Nf3 d6 3. Bc4 Nc6 4. O-O Nf6 5. d3 e6 6. Re1 Be7 7. Nbd2 O-O 8. c3 Rb8 9. Bb3 b5 10. Nf1 a5 11. a4 b4 12. Ng3 Ba6 13. Bc2 Ne5 14. d4 Nxf3+ 15. Qxf3 cxd4 16. cxd4 Rc8 17. Bb3 Bc4 18. Bxc4 Rxc4 19. Qd3 Qc7 20. Bd2 Rc8 21. Rac1 h6 22. h3 Rc2 23. Nf1 Qc4 24. Qxc4 R8xc4 25. e5 Nd5 26. exd6 Bxd6 27. Be3 b3 28. Rb1 Rxa4 29. Bd2 Ra2 30. Bc1 a4 31. g4 Bf4 32. Ne3 Bxe3 33. fxe3 Nb4 34. Rd1 Re2 35. Kf1 Rh2 36. Kg1 Re2 37. Kf1 Rh2 38. Kg1 Rc2 39. e4 f6 40. d5 exd5 41. exd5 Kf7 42. d6 Ke8 43. d7+ Kd8 44. Be3 Rc6 45. Rd2 Nc2 46. Bf4 a3 47. bxa3 Rxa3 48. Rbd1 Ra7 49. Bg3 Ne3 50. Re1 Rxd7 51. Rxd7+ Kxd7 52. Bf4 Nd5 53. Rd1 Ke6 54. Bg3 Nc3 55. Re1+ Kd5 56. Re8 b2 57. Rd8+ Kc4 58. Rb8 b1=Q+ 59. Rxb1 Nxb1 60. Kf2 Nc3 61. Kf3 Nd5 62. Ke4 g6 63. h4 Re6+ 64. Kf3 Re3+ 65. Kf2 Rd3 0-1


[Site "https://www.chess.com"]

[Event "Titled Tuesday Blitz August 1 Early 2023"]
[White "Vaibhav Jayant Raut"]
[Black "Hakobyan, Aram"]
[WhiteFideId "5089034"]
[BlackFideId "13306677"]
[WhiteElo "2599"]
[BlackElo "2948"]
[Result "0-1"]
[Round "2"]
[TimeControl "180+1"]
[Date "2023.08.01"]
[WhiteClock "0:00:18"]
[BlackClock "0:00:16"]
[Board "19"]

1. e4 g6 2. d4 Bg7 3. Nc3 c5 4. dxc5 Bxc3+ 5. bxc3 Nf6 6. e5 Ne4 7. Qd4 Qa5 8. Bb2 Nxc5 9. Nf3 Nc6 10. Qe3 Na4 11. Rb1 b6 12. Be2 Ba6 13. Bxa6 Qxa6 14. Nd4 Rc8 15. Ne2 Qb5 16. O-O Nxb2 17. a4 Qxe5 18. Qxe5 Nxe5 19. Rxb2 Nc4 20. Rb5 O-O 21. Rd1 d6 22. Nf4 e6 23. Ne2 Rc7 24. h4 Rfc8 25. h5 d5 26. g3 Nd6 27. Rb4 Ne4 28. h6 Kf8 29. Ra1 Nxc3 30. Nxc3 Rxc3 31. a5 Rxc2 32. axb6 Rc1+ 33. Rxc1 Rxc1+ 34. Kg2 axb6 35. Rxb6 Rc8 36. Rb7 g5 37. Kf3 Rc4 38. Rb8+ Ke7 39. Rh8 g4+ 40. Ke3 Re4+ 41. Kd3 Re5 42. Rxh7 Rh5 43. Rh8 Kf6 44. h7 Kg7 45. Rg8+ Kxh7 46. Rxg4 Rh6 47. Ra4 Kg7 48. Ke3 Rh1 49. Kf3 Kf6 50. Rf4+ Ke7 51. Ra4 Rb1 52. Kg4 Rb3 53. f4 Rd3 54. f5 Kf6 55. fxe6 fxe6 56. Kf4 e5+ 57. Kg4 e4 58. Ra8 Ke5 59. Re8+ Kd4 60. Re7 Rd1 61. Kf5 Rf1+ 62. Ke6 e3 63. Kd6 Rf6+ 64. Kd7 Rg6 65. Re8 Rxg3 66. Re6 Kd3 67. Kd6 d4 68. Re5 e2 69. Kc5 Kd2 70. Kxd4 Rg4+ 71. Kc5 e1=Q 72. Rd5+ Kc3 73. Kb6 Qe6+ 74. Kc5 Rc4+ 75. Kb5 Qxd5+ 76. Ka6 Rc6+ 77. Ka7 Qd7+ 78. Kb8 Rc8# 0-1


[Site "https://www.chess.com"]

[Event "Titled Tuesday Blitz August 1 Early 2023"]
[White "Terry, Renato"]
[Black "Shukhman, Anna"]
[WhiteFideId "3803457"]
[BlackFideId "54180058"]
[WhiteElo "2946"]
[BlackElo "2598"]
[Result "1-0"]
[Round "2"]
[TimeControl "180+1"]
[Date "2023.08.01"]
[WhiteClock "0:01:10"]
[BlackClock "0:01:47"]
[Board "20"]

1. e4 c5 2. Nf3 a6 3. c3 d5 4. exd5 Qxd5 5. d4 e6 6. c4 Qd8 7. Nc3 Nf6 8. Be2 cxd4 9. Nxd4 Bb4 10. Qa4+ Nc6 11. Nxc6 Bxc3+ 12. bxc3 bxc6 13. Qxc6+ Bd7 14. Qd6 Ne4 15. Qd4 Qf6 16. Bf3 Bc6 17. Bxe4 Bxe4 18. Qxe4 Qxc3+ 19. Ke2 O-O 20. Bd2 Qf6 21. Rac1 Rfd8 22. Be3 Rac8 23. Rhd1 Qb2+ 24. Rc2 Qb4 25. Rxd8+ Rxd8 26. Rd2 Rc8 27. f3 h6 28. c5 1-0


[Site "https://www.chess.com"]

[Event "Titled Tuesday Blitz August 1 Early 2023"]
[White "Nurgaliyeva, Zarina"]
[Black "Zakhartsov, Vladimir"]
[WhiteFideId "13730096"]
[BlackFideId "4145097"]
[WhiteElo "2595"]
[BlackElo "2943"]
[Result "0-1"]
[Round "2"]
[TimeControl "180+1"]
[Date "2023.08.01"]
[WhiteClock "0:00:00"]
[BlackClock "0:00:03"]
[Board "21"]

1. e4 c5 2. Nf3 e6 3. c3 Nf6 4. e5 Nd5 5. d4 cxd4 6. cxd4 d6 7. Bc4 Nb6 8. Bd3 Nc6 9. Qe2 Nb4 10. Be4 d5 11. Bd3 Be7 12. Nc3 Nxd3+ 13. Qxd3 O-O 14. O-O Bd7 15. Bf4 Rc8 16. Rfc1 Nc4 17. b3 Na3 18. Nb1 Bb5 19. Qd2 Rxc1+ 20. Qxc1 Nxb1 21. Rxb1 Bd3 22. Ra1 Qa5 23. Qd2 Qxd2 24. Bxd2 Bd8 25. Rc1 Bb6 26. Bb4 Re8 27. Bc5 Rc8 28. b4 Bd8 29. Rd1 Be2 30. Rd2 Bxf3 31. gxf3 b6 32. Bd6 Bg5 33. Rb2 Rc4 34. Kg2 Rxd4 35. Rc2 Rc4 36. Rb2 h5 37. a4 Bf4 38. a5 Kh7 39. axb6 axb6 40. Ra2 Kg6 41. Ra6 Rc2 42. Rxb6 Be3 43. Rb7 Rxf2+ 44. Kg3 Rb2 45. b5 Bf2+ 46. Kh3 Bg1 47. Bc7 Rxh2+ 48. Kg3 h4+ 49. Kg4 h3 50. Kg3 Rh1 51. b6 f6 52. exf6 gxf6 53. Bd8 Bd4 54. Rd7 Be5+ 0-1


[Site "https://www.chess.com"]

[Event "Titled Tuesday Blitz August 1 Early 2023"]
[White "Zemlyanskii, Ivan"]
[Black "NovoselovRoman"]
[WhiteFideId "24249971"]
[WhiteElo "2942"]
[BlackElo "2589"]
[Result "0-1"]
[Round "2"]
[TimeControl "180+1"]
[Date "2023.08.01"]
[WhiteClock "0:00:07"]
[BlackClock "0:00:13"]
[Board "22"]

1. d4 d5 2. Bf4 e6 3. e3 Bd6 4. Bg3 Ne7 5. Nf3 c5 6. c3 Nbc6 7. Nbd2 Nf5 8. Bd3 Nxg3 9. hxg3 h6 10. g4 e5 11. dxe5 Nxe5 12. Nxe5 Bxe5 13. Bb5+ Kf8 14. Be2 Bf6 15. Qa4 Bd7 16. Qf4 Bc6 17. Nf3 Kg8 18. O-O-O Qa5 19. Kb1 Re8 20. g5 Re4 21. Qf5 Bxc3 22. bxc3 Qxc3 23. Nd2 Ba4 24. Qc8+ Re8 25. Qxb7 Bc2+ 26. Kc1 Bd3# 0-1


[Site "https://www.chess.com"]

[Event "Titled Tuesday Blitz August 1 Early 2023"]
[White "Kashlinskaya, Alina"]
[Black "Movahed, Sina"]
[WhiteFideId "4198026"]
[BlackFideId "42520835"]
[WhiteElo "2588"]
[BlackElo "2939"]
[Result "0-1"]
[Round "2"]
[TimeControl "180+1"]
[Date "2023.08.01"]
[WhiteClock "0:00:05"]
[BlackClock "0:00:46"]
[Board "23"]

1. Nf3 Nf6 2. g3 g6 3. Bg2 Bg7 4. O-O O-O 5. d4 d6 6. Re1 Bf5 7. Nh4 Be4 8. f3 Bc6 9. e4 e6 10. Nc3 b5 11. a3 a5 12. Be3 b4 13. axb4 axb4 14. Rxa8 Bxa8 15. Na2 Na6 16. Bf1 Qc8 17. Qd2 c5 18. Ra1 Bb7 19. Nc1 Nd7 20. Nb3 cxd4 21. Bxd4 Ne5 22. Na5 Ba8 23. Nb3 Nc5 24. Be3 Nxb3 25. cxb3 d5 26. Qxb4 dxe4 27. fxe4 Qc2 28. Qd2 Qxb3 29. Bh6 Bxh6 30. Qxh6 Qb6+ 31. Kh1 Bxe4+ 32. Bg2 Qxb2 33. Re1 Nd3 34. Rf1 Bxg2+ 35. Nxg2 Rc8 36. Kg1 Rc2 37. Qh3 Qd4+ 38. Kh1 Nf2+ 0-1


[Site "https://www.chess.com"]

[Event "Titled Tuesday Blitz August 1 Early 2023"]
[White "Lana Rodriguez, David"]
[Black "Gholami Orimi, Mahdi"]
[WhiteFideId "2270803"]
[BlackFideId "12558486"]
[WhiteElo "2587"]
[BlackElo "2916"]
[Result "0-1"]
[Round "2"]
[TimeControl "180+1"]
[Date "2023.08.01"]
[WhiteClock "0:00:19"]
[BlackClock "0:01:06"]
[Board "24"]

1. e4 c5 2. Nf3 Nc6 3. c3 Nf6 4. e5 Nd5 5. d4 cxd4 6. Bc4 e6 7. O-O d6 8. exd6 Bxd6 9. cxd4 O-O 10. Nc3 Nce7 11. Re1 Bd7 12. Ne5 Rc8 13. Nxd7 Qxd7 14. Bxd5 exd5 15. Qf3 Bb4 16. Bg5 Ng6 17. Rac1 Bxc3 18. Rxc3 Rxc3 19. Qxc3 Rc8 20. Qe3 f6 21. Bf4 Kf7 22. h3 Rc2 23. Qb3 Qc6 24. Be3 a5 25. g3 h5 26. h4 b5 27. a3 Qc4 28. Qxc4 bxc4 29. Rb1 a4 30. Kf1 Ne7 31. Ke1 Nf5 32. Bd2 Nxd4 33. Kd1 Ke6 34. Be3 Re2 35. Bxd4 Re4 36. Be3 d4 37. Bd2 Kf5 38. Kc2 Re2 39. Rf1 Kg4 40. f4 Kxg3 41. Rg1+ Rg2 42. Rxg2+ Kxg2 43. Bb4 Kg3 44. Bf8 g6 45. Bg7 d3+ 46. Kd2 f5 47. Bd4 Kxh4 48. Bf2+ Kg4 49. Ke3 h4 50. Bg1 g5 51. fxg5 f4+ 52. Kd2 Kxg5 53. Kc3 h3 54. Bh2 f3 55. Bg3 h2 0-1


[Site "https://www.chess.com"]

[Event "Titled Tuesday Blitz August 1 Early 2023"]
[White "Baskakov, Egor"]
[Black "Sourath Biswas"]
[WhiteFideId "24197866"]
[BlackFideId "35091484"]
[WhiteElo "2912"]
[BlackElo "2587"]
[Result "1-0"]
[Round "2"]
[TimeControl "180+1"]
[Date "2023.08.01"]
[WhiteClock "0:01:51"]
[BlackClock "0:00:01"]
[Board "25"]

1. e4 c6 2. d4 d5 3. e5 Bf5 4. Ne2 e6 5. Ng3 Bg6 6. h4 h6 7. h5 Bh7 8. Bd3 Bxd3 9. cxd3 Qb6 10. Be3 Qxb2 11. Nd2 Qa3 12. O-O Qxd3 13. Rb1 Qa6 14. Qg4 Nd7 15. f4 O-O-O 16. f5 Re8 17. Nf3 Qd3 18. Rb3 exf5 19. Nxf5 Qe4 20. Qh3 Re6 21. Rf2 Ne7 22. Nd2 Qc2 23. Nd6+ Rxd6 24. exd6 Qd1+ 25. Rf1 Qe2 26. Rxf7 1-0


[Site "https://www.chess.com"]

[Event "Titled Tuesday Blitz August 1 Early 2023"]
[White "Gunduz, Umut Erdem"]
[Black "Demidov, Mikhail"]
[WhiteFideId "6381383"]
[BlackFideId "4197143"]
[WhiteElo "2585"]
[BlackElo "2911"]
[Result "0-1"]
[Round "2"]
[TimeControl "180+1"]
[Date "2023.08.01"]
[WhiteClock "0:00:08"]
[BlackClock "0:00:08"]
[Board "26"]

1. e4 Nf6 2. e5 Nd5 3. d4 d6 4. Nf3 Nb6 5. a4 a5 6. Bd3 g6 7. h3 Bg7 8. O-O O-O 9. Re1 Nc6 10. exd6 cxd6 11. c3 e5 12. Be3 h6 13. Qd2 Kh7 14. dxe5 dxe5 15. Bxg6+ Kxg6 16. Qxd8 Rxd8 17. Bxb6 Rd5 18. Na3 Rd3 19. Rad1 Rxd1 20. Rxd1 e4 21. Nd4 Ne5 22. Ndb5 Nd3 23. b3 Ra6 24. Bd4 Bf8 25. Nc4 Be6 26. f3 Bxc4 27. bxc4 f5 28. fxe4 fxe4 29. Rf1 Be7 30. Nc7 Rc6 31. Nd5 Bg5 32. Rb1 Rxc4 33. Rxb7 Rxa4 34. Rg7+ Kf5 35. g4+ Ke6 36. Nc7+ Kd6 37. Nb5+ Kc6 38. Na7+ Kd5 39. Rd7+ Kc4 40. Nc6 e3 41. Kf1 Ra1+ 42. Ke2 Ra2+ 43. Kf3 e2 44. Nxa5+ Kb5 45. c4+ Kxa5 46. Bc3+ Ka4 47. Rxd3 Bh4 48. Re3 Rc2 49. Ke4 Rxc3 50. Rxe2 Rxh3 51. Kd5 Ra3 52. c5 Kb5 53. Rb2+ Ka6 54. c6 Rd3+ 55. Kc4 Rd1 56. Kc5 Rc1+ 57. Kd5 Bg3 58. Rb3 Bf4 59. Rb4 Bg5 60. Rb3 Ka7 61. Rb4 Bd8 62. Rb7+ Ka6 63. Rb3 Ba5 64. Kd6 Bb6 65. Ra3+ Kb5 66. Rb3+ Ka5 67. Ra3+ Kb4 68. Ra2 Be3 69. Rb2+ Kc3 70. Rb7 Kd3 71. c7 Bf4+ 72. Kd7 Bxc7 73. Rxc7 Rxc7+ 74. Kxc7 Ke4 75. Kd6 Kf4 76. Kd5 Kxg4 77. Ke4 Kg3 78. Ke3 h5 79. Ke2 Kg2 0-1


[Site "https://www.chess.com"]

[Event "Titled Tuesday Blitz August 1 Early 2023"]
[White "Hajiyev, Kanan"]
[Black "Aravindh, Chithambaram VR."]
[WhiteFideId "13404148"]
[BlackFideId "5072786"]
[WhiteElo "2584"]
[BlackElo "2908"]
[Result "0-1"]
[Round "2"]
[TimeControl "180+1"]
[Date "2023.08.01"]
[WhiteClock "0:00:06"]
[BlackClock "0:00:17"]
[Board "27"]

1. d4 Nf6 2. c4 b6 3. Nf3 Bb7 4. g3 Bxf3 5. exf3 e6 6. Bg2 c6 7. O-O d5 8. b3 Be7 9. Bb2 O-O 10. f4 Nbd7 11. Nd2 Re8 12. Re1 Bf8 13. Rc1 Rc8 14. h4 g6 15. Nf3 Bg7 16. Ne5 h5 17. Bf3 b5 18. Qd2 bxc4 19. bxc4 Nxe5 20. dxe5 Nd7 21. Kg2 Nb6 22. Be2 dxc4 23. Qe3 c5 24. Red1 Qc7 25. Bxc4 Nxc4 26. Rxc4 Qb7+ 27. Qf3 Qxb2 28. Rd7 Qb5 29. Rc3 Qxd7 30. g4 Qc6 0-1


[Site "https://www.chess.com"]

[Event "Titled Tuesday Blitz August 1 Early 2023"]
[White "Nguyen, Ngoc Truong Son"]
[Black "Thomforde-Toates, Noah"]
[WhiteFideId "12401110"]
[BlackFideId "30951992"]
[WhiteElo "2902"]
[BlackElo "2584"]
[Result "1-0"]
[Round "2"]
[TimeControl "180+1"]
[Date "2023.08.01"]
[WhiteClock "0:01:32"]
[BlackClock "0:00:23"]
[Board "28"]

1. d4 Nf6 2. c4 g6 3. h4 c5 4. d5 b5 5. cxb5 a6 6. bxa6 Bxa6 7. Nc3 Bg7 8. e4 Bxf1 9. Kxf1 d6 10. g4 h5 11. g5 Ng4 12. f3 Ne5 13. Kg2 Nbd7 14. Nh3 O-O 15. Qe2 Qb6 16. Nf2 f5 17. f4 Ng4 18. exf5 Nxf2 19. Kxf2 Rxf5 20. Qe6+ Kh7 21. Qxd7 c4+ 22. Kg3 Qd4 23. Rf1 Qd3+ 24. Rf3 Qc2 25. Qxe7 Raf8 26. Qe2 1-0


[Site "https://www.chess.com"]

[Event "Titled Tuesday Blitz August 1 Early 2023"]
[White "Dau Khuong Duy"]
[Black "Bodnaruk, Anastasia"]
[WhiteFideId "12424722"]
[BlackFideId "4181751"]
[WhiteElo "2892"]
[BlackElo "2583"]
[Result "0-1"]
[Round "2"]
[TimeControl "180+1"]
[Date "2023.08.01"]
[WhiteClock "0:00:14"]
[BlackClock "0:00:07"]
[Board "29"]

1. c4 e5 2. Nc3 d6 3. e3 g6 4. Nge2 Bg7 5. g3 f5 6. Bg2 Nf6 7. d4 O-O 8. O-O Nc6 9. b3 e4 10. Bb2 g5 11. a3 Ne7 12. b4 Ng6 13. Rc1 c6 14. b5 Qe7 15. Qc2 h5 16. a4 h4 17. a5 hxg3 18. fxg3 Ng4 19. Qd2 f4 20. exf4 e3 21. Qd3 Bf5 22. Be4 Nf2 23. Rxf2 exf2+ 24. Kxf2 Bxe4 25. Qxe4 Qxe4 26. Nxe4 gxf4 27. g4 f3 28. N2g3 Nf4 29. Rd1 cxb5 30. cxb5 Nh3+ 31. Kf1 Rac8 32. Bc1 Rc2 33. Bd2 Bxd4 34. Nf5 Be5 35. Ne3 Ra2 36. Ng3 Bf4 37. Ngf5 Re8 38. Bc1 Ra1 39. Re1 Re5 40. Nc2 Rxe1+ 41. Nxe1 Rxc1 42. Nd4 f2 43. Nf3 fxe1=Q+ 44. Nxe1 Bd2 45. Kg2 Rxe1 46. Kxh3 Bxa5 47. g5 Rb1 48. Kg4 Rxb5 49. h4 Re5 50. Kh5 Bd2 51. Kg6 d5 52. h5 d4 53. h6 d3 54. h7+ Kh8 55. Kf7 Rxg5 56. Ke8 Bf4 57. Kd7 d2 58. Kc8 d1=Q 59. Kxb7 Rg7+ 60. Ka8 Qd8# 0-1


[Site "https://www.chess.com"]

[Event "Titled Tuesday Blitz August 1 Early 2023"]
[White "Parpiev, Isaak"]
[Black "JeRoma71"]
[WhiteFideId "34281576"]
[WhiteElo "2582"]
[BlackElo "2889"]
[Result "0-1"]
[Round "2"]
[TimeControl "180+1"]
[Date "2023.08.01"]
[WhiteClock "0:00:00"]
[BlackClock "0:02:05"]
[Board "30"]

1. d4 g6 2. e4 Bg7 3. Nc3 c6 4. f4 d5 5. e5 Nh6 6. h3 f6 7. Be3 O-O 8. Nf3 fxe5 9. dxe5 e6 10. Qd2 b6 11. Bf2 Ba6 12. O-O-O c5 13. Bxa6 Nxa6 14. g4 Nb4 15. a3 Nc6 16. Rdf1 Qd7 17. Bg3 Rad8 18. Bh4 Rde8 19. Bg5 Nf7 20. Bf6 Bxf6 21. exf6 Nd6 22. g5 d4 0-1


[Site "https://www.chess.com"]

[Event "Titled Tuesday Blitz August 1 Early 2023"]
[White "Harshavardhan G B"]
[Black "Sturt, Raven"]
[WhiteFideId "25059009"]
[BlackFideId "2007304"]
[WhiteElo "2887"]
[BlackElo "2577"]
[Result "0-1"]
[Round "2"]
[TimeControl "180+1"]
[Date "2023.08.01"]
[WhiteClock "0:00:24"]
[BlackClock "0:00:19"]
[Board "31"]

1. e4 c5 2. Nf3 d6 3. d4 cxd4 4. Nxd4 Nf6 5. Nc3 a6 6. Qf3 Nbd7 7. h3 e6 8. g4 Ne5 9. Qg2 Qb6 10. Nb3 h6 11. Be3 Qc7 12. f4 Nc4 13. Bxc4 Qxc4 14. O-O-O Bd7 15. g5 hxg5 16. fxg5 Nh5 17. g6 Rc8 18. gxf7+ Kxf7 19. Rhf1+ Nf6 20. e5 Bc6 21. Qg3 dxe5 22. Bg5 Be7 23. Na5 Qb4 24. Nxc6 Rxc6 25. Bxf6 gxf6 26. Rg1 Qf4+ 27. Qxf4 exf4 28. Rd7 Rxh3 29. Rxb7 f5 30. Re1 f3 31. Nd5 exd5 32. Rbxe7+ Kf6 33. Re8 Rh2 34. c3 d4 35. Rf8+ Kg5 36. Re5 Rf6 37. Rg8+ Kf4 38. Re1 dxc3 39. bxc3 Rc6 40. Kb1 Rxc3 41. Rd8 Rc4 42. Rdd1 Rb4+ 43. Ka1 Ra4 44. Kb1 Rhxa2 45. Rh1 Ra1+ 46. Kc2 Rxd1 47. Rxd1 Re4 48. Rh1 f2 49. Kd2 Kg3 0-1


[Site "https://www.chess.com"]

[Event "Titled Tuesday Blitz August 1 Early 2023"]
[White "Ingebretsen, Jens E"]
[Black "Harsh Suresh"]
[WhiteFideId "1522965"]
[BlackFideId "45018464"]
[WhiteElo "2576"]
[BlackElo "2886"]
[Result "0-1"]
[Round "2"]
[TimeControl "180+1"]
[Date "2023.08.01"]
[WhiteClock "0:00:13"]
[BlackClock "0:00:04"]
[Board "32"]

1. d4 d6 2. e4 Nf6 3. Nc3 a6 4. Bc4 b5 5. Bb3 Bb7 6. f3 Nbd7 7. Be3 e6 8. Nge2 Be7 9. a4 b4 10. Na2 c5 11. dxc5 dxc5 12. O-O O-O 13. c3 a5 14. Nac1 Ba6 15. Qe1 Ne5 16. Qf2 Qc8 17. Rd1 Rb8 18. Nf4 c4 19. Bc2 b3 20. Bb1 Neg4 21. fxg4 Nxg4 22. Qg3 Nxe3 23. Nh5 g6 24. Qxe3 Bc5 25. Rd4 Qd8 26. Ne2 e5 27. Qh6 gxh5 28. Qxa6 exd4 29. Qxc4 d3+ 30. Qxc5 dxe2 31. Bd3 Rc8 32. Qe3 Qf6 33. Bxe2 Rfd8 34. Rf1 Qg6 35. Rf3 h4 36. Rf4 Kf8 37. Rg4 Qf6 38. Rf4 Qe6 39. Bh5 Rc7 40. Qf3 Rb7 41. h3 Rc8 42. Bg4 Qb6+ 43. Kh2 Rcc7 44. e5 Qg6 45. e6 Kg8 46. exf7+ Rxf7 47. Rxf7 Rxf7 48. Qa8+ Rf8 49. Qd5+ Kg7 50. Qxa5 Qd6+ 51. Kg1 Qf4 52. Qa7+ Qf7 53. Qd4+ Qf6 54. Be6 Qxd4+ 55. cxd4 Rb8 56. a5 Ra8 57. Bxb3 Rxa5 58. Bc4 Ra1+ 59. Kf2 Kf6 60. Kf3 h5 61. b3 Rc1 62. d5 Ke5 63. d6 Rc3+ 64. Kf2 Kxd6 65. Bf7 Ke5 66. b4 Kf4 67. Bxh5 Rc2+ 68. Be2 Rb2 69. b5 Ke4 70. b6 Rxb6 71. g3 Rf6+ 72. Kg2 Ke3 73. Bb5 Rf2+ 74. Kg1 hxg3 75. Bc6 Rc2 76. Bb5 Kf3 77. Bf1 Rc1 78. h4 g2 79. Kh2 Rxf1 80. h5 Rh1# 0-1


[Site "https://www.chess.com"]

[Event "Titled Tuesday Blitz August 1 Early 2023"]
[White "Zhigalko, Sergei"]
[Black "Bilan, Danila"]
[WhiteFideId "13502956"]
[BlackFideId "24161918"]
[WhiteElo "2883"]
[BlackElo "2574"]
[Result "1-0"]
[Round "2"]
[TimeControl "180+1"]
[Date "2023.08.01"]
[WhiteClock "0:00:17"]
[BlackClock "0:00:00"]
[Board "33"]

1. e4 c6 2. d4 d5 3. e5 c5 4. Nf3 Nc6 5. dxc5 Bg4 6. c3 e6 7. Be3 Qc7 8. Nbd2 Nge7 9. Qa4 Bxf3 10. Nxf3 Nf5 11. Bd4 Be7 12. Bd3 Nxd4 13. cxd4 O-O 14. O-O f6 15. Rae1 fxe5 16. Nxe5 Nxe5 17. Rxe5 Bxc5 18. Qc2 Bd6 19. Bxh7+ Kh8 20. Qxc7 Bxc7 21. Rh5 Rf6 22. Re1 Raf8 23. Bf5+ Rh6 24. Rxh6+ gxh6 25. Bxe6 Bb6 26. Rd1 Rf4 27. g3 Rxd4 28. Rxd4 Bxd4 29. Bxd5 Bxb2 30. Bxb7 Kg7 31. Kg2 Bd4 32. f4 Kf6 33. Kf3 Bg1 34. h4 Bc5 35. g4 a5 36. g5+ Kg7 37. a4 Bb6 38. Kg4 Bd8 39. Bd5 Bc7 40. f5 Bd8 41. f6+ Kh7 42. Kf5 hxg5 43. hxg5 Bc7 44. g6+ Kh8 45. g7+ 1-0


[Site "https://www.chess.com"]